 Dungeon Crawl Stone Soup version 0.29.1-15-g9cfb28693d (webtiles) character file.

Game seed: 13332793312113512653

40 QwertyIsDirtey the Covered (level 3, 0/33 HPs)
             Began as a Minotaur Fighter on Mar 23, 2023.
             Slain by a dart slug (3 damage)
             ... on level 2 of the Dungeon.
             The game lasted 00:10:23 (1403 turns).

QwertyIsDirtey the Covered (Minotaur Fighter)       Turns: 1403, Time: 00:10:24

Health: 0/33       AC:  8    Str: 22    XL:     3   Next: 30%
Magic:  2/2        EV:  9    Int:  5    God:
Gold:   70         SH:  4    Dex:  9    Spells: 2/2 levels left

rFire   . . .      SeeInvis .   a - +0 long sword
rCold   . . .      Faith    .   c - +0 buckler
rNeg    . . .      Spirit   .   b - +0 scale mail
rPois   .          Reflect  .   (helmet restricted)
rElec   .          Harm     .   (no cloak)
rCorr   .          Rampage  .   h - +0 pair of gloves
Will    .....                   (no boots)
Stlth   ..........              (no amulet)
HPRegen 0.11/turn               (no ring)
MPRegen 0.08/turn               (no ring)

@: no status effects
A: horns 2, retaliatory headbutt
a: no special abilities


You were on level 2 of the Dungeon.
You visited 1 branch of the dungeon, and saw 2 of its levels.

You collected 70 gold pieces.

Inventory:

Hand Weapons
 a - a +0 long sword (weapon)
 d - a +2 dagger of protection
 f - a +0 club
 j - a +0 dagger
 k - a +0 sling
 l - a +0 dagger
 m - a +0 dagger
 q - a +0 dagger
 w - a +1 dagger of draining
 x - a +2 vampiric dagger
 y - a +0 hand axe
 z - a +0 spear
 A - a +0 spear
Armour
 b - a +0 scale mail (worn)
 c - a +0 buckler (worn)
 h - a +0 pair of gloves (worn)
Jewellery
 p - a ring of positive energy
 r - an amulet of the acrobat
Scrolls
 g - 2 scrolls of teleportation {unknown}
 i - a scroll of noise {unknown}
 n - 2 scrolls of identify {unknown}
 o - a scroll of amnesia {unknown}
 t - a scroll of silence {unknown}
Potions
 e - a potion of attraction {unknown}
 s - a potion of flight {unknown}
 u - a potion of haste {unknown}
 v - a potion of curing {unknown}


   Skills:
 + Level 4.1 Fighting
 + Level 2.6 Long Blades
 + Level 4.2 Armour
 + Level 0.5 Dodging
 + Level 4.1 Shields


You had 2 spell levels left.
You didn't know any spells.
Your spell library contained the following spells:

 Spells                   Type           Power      Damage    Failure   Level
 Apportation              Tloc           0%         N/A       87%         1
 Necrotise                Necr           0%         1d4       87%         1
 Summon Small Mammal      Summ           0%         N/A       87%         1
 Call Canine Familiar     Summ           0%         N/A       99%         3
 Summon Guardian Golem    Hex/Summ       0%         N/A       99%         3


Dungeon Overview and Level Annotations

Branches:
Dungeon (2/15)

Altars:

Shops:
D:1 (


Innate Abilities, Weirdness & Mutations

You have a pair of horns on your head.
You reflexively headbutt those who attack you in melee.


Message History

You hit the hobgoblin.
The hobgoblin is almost dead.
You block the hobgoblin's attack. The hobgoblin barely misses you.
You furiously retaliate!
You headbutt the hobgoblin.
You kill the hobgoblin!
The hobgoblin hits you but does no damage.
The hobgoblin attacks as you move away! The hobgoblin closely misses you.
The hobgoblin attacks as you move away! The hobgoblin hits you.
* * * LOW HITPOINT WARNING * * *
The hobgoblin hits you.
* * * LOW HITPOINT WARNING * * *
The hobgoblin attacks as you move away! The hobgoblin hits you.
* * * LOW HITPOINT WARNING * * *
The hobgoblin attacks as you move away! You block the hobgoblin's attack.
The hobgoblin attacks as you move away! The hobgoblin barely misses you.
The hobgoblin attacks as you move away!
The hobgoblin hits you but does no damage.
The hobgoblin hits you but does no damage.
A jackal comes into view.
The jackal barks!
A dart slug comes into view.
You slash the hobgoblin!
You kill the hobgoblin!
The jackal bites you but does no damage.
The jackal barely misses you. The jackal bites you.
* * * LOW HITPOINT WARNING * * *
The dart slug launches a dart at you.
The slug dart hits you but does no damage.
The jackal bites you but does no damage.
You barely miss the dart slug.
The jackal bites you but does no damage.
The dart slug launches a dart at you. The slug dart misses you.
The slug dart hits the jackal.
The jackal bites you but does no damage.
You hit the dart slug.
The dart slug is lightly wounded.
The jackal bites you but does no damage.
The dart slug bites you.
You die...

#............
...
...>..........
#.#
..............
#.#
.......#.####.
#w# .#[....#.#
#. #.#
.#######.# #.
#.# .# #.# #.
#w#####.#
#.####.
#..h@w..#
#....##
######..#
#..#... #..#
####.)..##
#..#
#.........
#..#
#.##......
#..#
#.####.###
#w.# #.# #.# #
#..# #.# #.###
#..# #.# #....


You could see 2 dart slugs and a jackal.

Vanquished Creatures
  An adder (D:2)
  A worm (D:2)
  A ball python (D:1)
  A bat (D:1)
  An endoplasm (D:1)
  8 goblins
  4 hobgoblins
  2 quokkas
  2 frilled lizards
  4 kobolds
  3 rats
28 creatures vanquished.

Vanquished Creatures (others)
  6 plants (D:1)
6 creatures vanquished.

Grand Total: 34 creatures vanquished

Notes
Turn   | Place    | Note
-------+----------+-------------------------------------------
     0 | D:1      | QwertyIsDirtey the Minotaur Fighter began the quest for the
                  | Orb.
     0 | D:1      | Reached XP level 1. HP: 19/19 MP: 0/0
   104 | D:1      | Found Fonah's Antique Weapon Shoppe.
   261 | D:1      | Found a faded altar of an unknown god.
   406 | D:1      | Reached XP level 2. HP: 27/27 MP: 1/1
  1257 | D:2      | Reached XP level 3. HP: 23/33 MP: 2/2
  1403 | D:2      | Slain by a dart slug

Illustrated notes

Levels and vault maps discovered:
D:1:      saegor_arrival_simple_e, layout_basic,
          hellmonk_ecumenical_altar_heavens_door, serial_shops,
          nicolae_shop_overgrown_old_shop
D:2:      layout_loops_ring, basic_altar

Skill      XL: |  1  2 |
---------------+-------+-----
Fighting       | 4 |  4.1
Armour         | 4 |  4.2
Shields        | 4 |  4.1
Long Blades    | |  2.6
Dodging        | |  0.5

Action                   || total
-------------------------++-------
Melee: Long sword        ||    73
       Headbutt          ||    17
  Use: Potion            ||     1
Armor: Scale mail        ||    57
Dodge: Dodged            ||    49
Block: Buckler           ||    28
